 Dungeon Crawl Stone Soup version 0.22-a0-414-gacd343e (webtiles) character file.

7007 Mgcat the Destroyer (level 11, -6/64 HPs)
             Began as a Gargoyle Venom Mage on May 13, 2018.
             Was a Priest of Vehumet.
             Mangled by Snorg (22 damage)
             ... on level 10 of the Dungeon.
             The game lasted 00:39:50 (11246 turns).

Mgcat the Destroyer (Gargoyle Venom Mage)          Turns: 11246, Time: 00:39:51

Health: -6/64      AC: 15    Str: 11      XL:     11   Next: 8%
Magic:  39/39      EV: 19    Int: 25      God:    Vehumet [***...]
Gold:   519        SH:  0    Dex: 14 (15) Spells: 6/24 levels left

rFire    + . .     SeeInvis .   C - +2 whip (flame)
rCold    + . .     Gourm    .   (no shield)
rNeg     + . .     Faith    .   l - +1 robe {rC+ rF+}
rPois    ∞         Spirit   .   F - +2 hat
rElec    +         Reflect  .   (no cloak)
rCorr    .         Harm     .   b - +1 pair of gloves
MR       .....                  (no boots)
Stlth    +++.......             (no amulet)
HPRegen  0.20/turn              m - ring of magical power {MP+9}
MPRegen  0.26/turn              o - ring of magical power {MP+9}

@: brilliant, agile
A: negative energy resistance 1, electricity resistance, unbreathing,
petrification resistance, rot immunity, AC +8
a: Renounce Religion


You were on level 10 of the Dungeon.
You worshipped Vehumet.
Vehumet was most pleased with you.
You were not hungry.

You visited 2 branches of the dungeon, and saw 11 of its levels.

You collected 519 gold pieces.

Inventory:

Hand Weapons
 a - a +1 scimitar of flaming
   (You took it off Erica on level 9 of the Dungeon)
 C - a +2 whip of flaming (weapon)
   (You took it off Pikel on level 7 of the Dungeon)
Missiles
 h - 228 stones (quivered)
Armour
 b - a +1 pair of gloves (worn)
   (You found it on level 7 of the Dungeon)
 l - a +1 robe of resistance (worn)
   (You took it off Erica on level 9 of the Dungeon)
 D - a +2 shield
   (You took it off a gnoll sergeant on level 10 of the Dungeon)
 F - a +2 hat (worn)
   (You found it on level 9 of the Dungeon)
Jewellery
 m - a ring of magical power (left hand) {MP+9}
   (You found it on level 2 of the Dungeon)
 o - a ring of magical power (right hand) {MP+9}
   (You found it on level 3 of the Dungeon)
 t - an uncursed ring of ice {rC+, rF-}
   (You found it on level 8 of the Dungeon)
 y - an uncursed ring of ice {rC+, rF-}
   (You found it on level 5 of the Dungeon)
 A - a +3 ring of dexterity
   (You found it on level 6 of the Dungeon)
Wands
 g - a wand of disintegration (5)
   (You found it on level 5 of the Dungeon)
 n - a wand of flame (26)
   (You took it off Blork the orc on level 5 of the Dungeon)
 r - a wand of enslavement (14)
   (You found it on level 4 of the Dungeon)
Scrolls
 p - 9 scrolls of identify
 q - 2 scrolls of remove curse
 u - 2 scrolls of fog
 v - 4 scrolls of teleportation
 G - a scroll of blinking {unknown}
Potions
 d - a potion of might {unknown}
 e - 3 potions of ambrosia {unknown}
 f - 4 potions of lignification {unknown}
 i - a potion of degeneration {unknown}
 j - a potion of haste {unknown}
 k - 3 potions of brilliance
 x - a potion of berserk rage {unknown}
 z - 2 potions of curing {unknown}
 B - a potion of mutation {unknown}
Comestibles
 c - 22 rations
 s - 3 chunks of flesh {@w0}


   Skills:
 + Level 5.6 Fighting
 + Level 4.7 Dodging
 - Level 2.1 Stealth
 + Level 7.1 Spellcasting
 + Level 8.3 Conjurations
 - Level 5.1 Air Magic
 + Level 4.0 Earth Magic
 + Level 8.2 Poison Magic


You had 6 spell levels left.
You knew the following spells:

 Your Spells              Type           Power        Failure   Level  Hunger
a - Sandblast             Erth           #####.       1%          1    None
b - Poisonous Vapours     Pois/Air       ######       1%          2    None
c - Mephitic Cloud        Conj/Pois/Air  ######..     1%          3    None
d - Olgreb's Toxic Radia  Pois           ######..     1%          4    ###....
e - Venom Bolt            Conj/Pois      ######....   1%          5    #####..
h - Stone Arrow           Conj/Erth      ######       1%          3    None

Your spell library contained the following spells:

 Spells                   Type           Power        Failure   Level  Hunger
 Magic Dart               Conj           ####         1%          1    None
 Apportation              Tloc           ###...       1%          1    None
 Summon Small Mammal      Summ           ###.         1%          1    None
 Iskenderun's Mystic Bla  Conj           ######..     1%          4    ###....
 Animate Skeleton         Necr           N/A          1%          1    None
 Sting                    Conj/Pois      ####         1%          1    None
 Confusing Touch          Hex            ###...       1%          1    None
 Fulminant Prism          Conj/Hex       #####.....   1%          4    ###....
 Dazzling Spray           Conj/Hex       #####.       1%          3    None
 Force Lance              Conj/Tloc      #####...     1%          4    ###....
 Searing Ray              Conj           ######       1%          2    None


Dungeon Overview and Level Annotations

Branches:
Dungeon (10/15)            Temple (1/1) D:5
   Lair: D:8-11         Orc: D:9-12

Altars:
Ashenzari
Dithmenos
Elyvilon
Fedhas
Gozag
Hepliaklqana
Kikubaaqudgha
Makhleb
Nemelex Xobeh
Okawaru
Qazlal
Ru
Sif Muna
Trog
Uskayaw
Vehumet
Wu Jian
Yredelemnul
Zin
The Shining One

Annotations:
D:4 2 transporters, Menkaure
D:10 Snorg


Innate Abilities, Weirdness & Mutations

You are resistant to torment.
Your stone body is resilient. (AC +8)
You are immune to poison.
You resist negative energy. (rN+)
You are resistant to electric shocks. (rElec)
You can survive without breathing.
You are immune to petrification.
You are immune to rotting.


Message History

Aim: a quasit (heavily wounded)
The blast of sand hits the quasit.
The quasit is heavily wounded.
h - 230 stones The quasit misses you.
The quasit claws you.
You feel clumsy.
The quasit claws you but does no damage.
The quasit barely misses you. The quasit closely misses you.
The quasit claws you but does no damage.
Casting: Sandblast (safe; 1% risk of failure)
Confirm with . or Enter, or press ? or * to list all spells.
Aiming: Sandblast (safe; 1% risk of failure)
Press: ? - help, Shift-Dir - straight line, f/p - quasit
Aim: a quasit (heavily wounded)
The blast of sand hits the quasit.
The quasit is almost dead.
h - 229 stones The quasit bites you but does no damage.
The quasit completely misses you. The quasit misses you.
Casting: Sandblast (safe; 1% risk of failure)
Confirm with . or Enter, or press ? or * to list all spells.
Aiming: Stone Arrow (safe; 1% risk of failure)
Press: ? - help, Shift-Dir - straight line, f/p - quasit
Aim: a quasit (almost dead)
The stone arrow misses the quasit.
The quasit bites you but does no damage.
The quasit closely misses you.
The quasit claws you but does no damage.
Casting: Stone Arrow (safe; 1% risk of failure)
Confirm with . or Enter, or press ? or * to list all spells.
Aiming: Sandblast (safe; 1% risk of failure)
Press: ? - help, Shift-Dir - straight line, f/p - quasit
Aim: a quasit (almost dead)
The blast of sand hits the quasit.
You kill the quasit!
Vehumet accepts your kill.
Your Earth Magic skill increases to level 4!
h - 228 stones Some of the chunks of flesh in your inventory have rotted away.
An orc comes into view. It is wielding a club.
Casting: Sandblast (safe; 1% risk of failure)
Confirm with . or Enter, or press ? or * to list all spells.
You can't see any susceptible monsters within range! (Use Z to cast anyway.)
Casting: Sandblast (safe; 1% risk of failure)
Confirm with . or Enter, or press ? or * to list all spells.
Aiming: Poisonous Vapours (safe; 1% risk of failure)
Press: ? - help, Dir - move target cursor, f - orc
Aim: an orc, wielding a club and wearing a leather armour (resting) Poisonous vapours surround the orc!
The orc shouts!
You hear a shout!
The orc is engulfed in poison gas.
The orc is poisoned.
You kill the orc!
Vehumet accepts your kill.
You feel your power returning.
Casting: Poisonous Vapours (safe; 1% risk of failure)
Confirm with . or Enter, or press ? or * to list all spells.
You can't see any susceptible monsters within range! (Use Z to cast anyway.)
A worker ant comes into view.
Snorg the Insatiable comes into view.
Casting: Poisonous Vapours (safe; 1% risk of failure)
Confirm with . or Enter, or press ? or * to list all spells.
Aiming: Poisonous Vapours (safe; 1% risk of failure)
Press: ? - help, Dir - move target cursor, f - Snorg
Aim: Snorg Poisonous vapours surround Snorg!
The worker ant twitches its antennae in your direction.
Snorg is engulfed in poison gas.
Snorg is poisoned.
Casting: Poisonous Vapours (safe; 1% risk of failure)
Confirm with . or Enter, or press ? or * to list all spells.
You begin to radiate toxic energy.
The worker ant is poisoned.
The worker ant looks even sicker.
Snorg looks more healthy.
Snorg is poisoned.
Your toxic aura wanes.
Snorg goes berserk!
The worker ant bites you but does no damage.
You kill the worker ant!
Vehumet accepts your kill.
Snorg rages.
You feel agile all of a sudden. Snorg bites you! Snorg claws you.
Snorg barely misses you. Snorg bites you. Snorg claws you!
Snorg barely misses you.
You hear a shout!
Snorg misses you. Snorg claws you but does no damage. x2
Snorg looks more healthy.
Snorg closely misses you. Snorg claws you. x2
Snorg rages.
Snorg completely misses you. x2; Snorg claws you.
Snorg bites you. Snorg claws you but does no damage. Snorg claws you!
Snorg barely misses you. Snorg closely misses you. Snorg misses you.
You feel much better. Snorg bites you but does no damage. Snorg claws you.
Snorg claws you but does no damage. Snorg bites you!
Snorg claws you but does no damage. Snorg barely misses you. Snorg bites you.
* * * LOW HITPOINT WARNING * * *
Snorg closely misses you. x2
Okay, then.
Unknown command.
You feel clever all of a sudden. Snorg bites you!!
You die...

....###..###..#####
#.......###..### #..............#
########### ###..##...######.#
#.........: ......#...# ##.##
#.###.##.## ..........# #...# #.#
#....# #........##
#...#####.###..#.# #.###.#.##
#.T............#.# #.# #.#.#
#####.@.####.#.......# ...
#.#.###............##.##)#.##
.).##.#...................##.#...
..)##.#####............##.....).#
####...## ###.#...<....##....[..#
#.....# #.#...#.#####.##.#..#
##...## #.#...#.# #.##.#..# ##.##
#.#...#.# #.##)#..# ###
#.#######.##.##.#####.......#


You could see Snorg (berserk).

Vanquished Creatures
  Erica (D:9)
  A two-headed ogre (D:8)
  Pikel (D:7)
  A hornet (D:9)
  A hippogriff (D:7)
  A spriggan (D:9)
  Sigmund (D:2)
  A wyvern (D:9)
  2 hungry ghosts
  2 phantoms
  An ice beast (D:7)
  4 slaves (D:7)
  A black bear (D:10)
  2 sky beasts
  4 orc warriors
  An eye of draining (D:10)
  4 ogres
  A centaur (D:5)
  5 big kobolds
  3 bullfrogs
  Blork the orc (D:5)
  A gnoll sergeant (D:10)
  2 scorpions
  3 killer bees (D:7)
  3 howler monkeys (D:8)
  6 crimson imps
  A centaur zombie (D:10)
  A quasit (D:10)
  6 orc priests
  7 jellies
  A gnoll shaman (D:3)
  A centaur skeleton (D:4)
  4 hounds
  3 iguanas
  8 worker ants
  10 orc wizards
  13 gnolls
  6 adders
  2 shadow imps
  3 oozes
  2 worms
  A dart slug (D:2)
  8 leopard geckos
  43 orcs
  3 giant cockroaches
  3 goblins
  6 hobgoblins
  16 jackals
  12 kobolds
  8 quokkas
  7 bats
  A frilled lizard (D:5)
  A quokka skeleton (D:8)
  5 rats
236 creatures vanquished.

Notes
Turn   | Place    | Note
-------+----------+-------------------------------------------
     0 | D:1      | Mgcat the Gargoyle Venom Mage began the quest for the Orb.
     0 | D:1      | Reached XP level 1. HP: 10/10 MP: 3/3
  1001 | D:2      | Reached XP level 2. HP: 15/15 MP: 0/5
  1020 | D:2      | Learned a level 2 spell: Poisonous Vapours
  1171 | D:2      | Reached skill level 2 in Conjurations
  1179 | D:2      | Reached XP level 3. HP: 16/19 MP: 0/6
  1184 | D:2      | Learned a level 3 spell: Mephitic Cloud
  1725 | D:2      | Noticed Sigmund
  1736 | D:2      | Killed Sigmund
  1736 | D:2      | Reached skill level 3 in Spellcasting
  1736 | D:2      | Reached skill level 3 in Conjurations
  1736 | D:2      | Reached skill level 1 in Air Magic
  1736 | D:2      | Reached skill level 4 in Poison Magic
  1736 | D:2      | Reached XP level 4. HP: 24/24 MP: 1/8
  1736 | D:2      | Reached XP level 5. HP: 28/28 MP: 1/9
  2066 | D:3      | Reached XP level 6. HP: 32/32 MP: 10/11
  2377 | D:3      | Found a glowing silver altar of Zin.
  2380 | D:3      | Noticed a dagger
  2381 | D:3      | Noticed a dagger
  2384 | D:3      | Found a hide-covered altar of Uskayaw.
  2711 | D:3      | Reached skill level 2 in Air Magic
  3086 | D:4      | Found a transporter.
  3135 | D:4      | Learned a level 4 spell: Olgreb's Toxic Radiance
  3371 | D:3      | Reached XP level 7. HP: 35/36 MP: 6/12
  3452 | D:3      | Reached skill level 4 in Conjurations
  3735 | D:4      | Reached skill level 4 in Spellcasting
  4017 | D:4      | Reached skill level 5 in Poison Magic
  4025 | D:4      | Found an iron altar of Okawaru.
  4168 | D:4      | Found a transporter.
  4452 | D:5      | Entered Level 5 of the Dungeon
  4452 | D:5      | Found a staircase to the Ecumenical Temple.
  4452 | D:5      | Noticed Menkaure
  4489 | D:4      | You fall through a shaft!
  4506 | D:5      | Found a sacrificial altar of Ru.
  4515 | D:5      | HP: 7/36 [orc wizard/puff of flame (5)]
  4549 | Temple   | Entered the Ecumenical Temple
  4674 | Temple   | Became a worshipper of Vehumet
  4705 | D:5      | Noticed Blork the orc
  4714 | D:5      | Killed Blork the orc
  4714 | D:5      | Reached skill level 3 in Air Magic
  4716 | D:5      | Reached XP level 8. HP: 41/41 MP: 7/14
  4770 | D:5      | Reached skill level 5 in Conjurations
  4923 | D:5      | Learned a level 5 spell: Venom Bolt
  5370 | D:5      | Found a glowing golden altar of the Shining One.
  5710 | D:6      | Reached * piety under Vehumet
  5710 | D:6      | Offered knowledge of Shock by Vehumet.
  5710 | D:6      | Reached skill level 5 in Spellcasting
  5737 | D:6      | Reached skill level 6 in Poison Magic
  6070 | D:6      | Reached skill level 4 in Air Magic
  6255 | D:6      | Reached skill level 6 in Conjurations
  6527 | D:7      | Reached XP level 9. HP: 46/46 MP: 12/17
  6610 | D:7      | Reached skill level 1 in Fighting
  6616 | D:7      | Reached skill level 2 in Dodging
  6778 | D:7      | Noticed Pikel
  6800 | D:7      | Killed Pikel
  6800 | D:7      | Reached skill level 2 in Fighting
  7230 | D:7      | Reached skill level 3 in Fighting
  7231 | D:7      | Reached skill level 6 in Spellcasting
  7476 | D:7      | Reached ** piety under Vehumet
  7476 | D:7      | Reached skill level 3 in Dodging
  7476 | D:7      | Reached skill level 7 in Poison Magic
  7498 | D:8      | Noticed a two-headed ogre
  7523 | D:8      | HP: 10/51 [two-headed ogre/giant club (6)]
  7530 | D:8      | Killed a two-headed ogre
  7530 | D:8      | Offered knowledge of Sandblast by Vehumet.
  7530 | D:8      | Reached skill level 7 in Conjurations
  7530 | D:8      | Reached skill level 5 in Air Magic
  7530 | D:8      | Reached XP level 10. HP: 12/56 MP: 19/19
  7533 | D:8      | Learned a level 1 spell: Sandblast
  8553 | D:8      | Reached skill level 4 in Fighting
  8676 | D:8      | Reached skill level 1 in Earth Magic
  9080 | D:8      | Found an ornate altar of the Wu Jian Council.
  9510 | D:9      | Learned a level 3 spell: Dazzling Spray
  9526 | D:9      | Reached skill level 2 in Earth Magic
  9528 | D:9      | Reached skill level 4 in Dodging
  9965 | D:9      | Found an opulent altar of Gozag.
 10027 | D:9      | Noticed Erica
 10037 | D:9      | Killed Erica
 10037 | D:9      | Reached skill level 5 in Fighting
 10037 | D:9      | Reached skill level 3 in Earth Magic
 10178 | D:9      | Reached skill level 8 in Conjurations
 10296 | D:9      | Reached skill level 8 in Poison Magic
 10568 | D:9      | Offered knowledge of Stone Arrow by Vehumet.
 10568 | D:9      | Reached skill level 7 in Spellcasting
 10573 | D:9      | Learned a level 3 spell: Stone Arrow
 10669 | D:10     | Entered Level 10 of the Dungeon
 10748 | D:10     | Reached *** piety under Vehumet
 10757 | D:10     | Reached XP level 11. HP: 63/64 MP: 21/21
 10990 | D:10     | Offered knowledge of Static Discharge by Vehumet.
 11161 | D:10     | Reached skill level 4 in Earth Magic
 11222 | D:10     | Noticed Snorg
 11245 | D:10     | HP: 15/64 [Snorg (6)]
 11246 | D:10     | Mangled by Snorg

Vault maps used:
D:1:      denvon_arrival_waterhouse
D:2:      uniq_sigmund
D:3:      lemuel_crystal_altar, dancing_weapons_uskayaw
D:4:      gammafunk_cloud_chamber, okawaru_altar_gauntlet_db
D:5:      lemuel_coloured_pillars_altar, minmay_temple_entry_glass,
          first_ration, nicolae_ru_path_of_blood, uniq_menkaure,
          uniq_blork_the_orc
D:6:      amethyst_killhole
D:7:      uniq_pikel
D:8:      marbit_many_paths
D:9:      nicolae_gozag_cash_rules_everything_around_me, the_bakery,
          minmay_unpleasant_kobolds, uniq_erica
D:10:     serial_shops, nicolae_shop_behind_doors, uniq_snorg
Temple:   eino_temple_scatter_basement

Skill      XL: |  1  2  3  4  5  6  7  8  9 10 11 |
---------------+----------------------------------+-----
Conjurations   | 2 3 4 6 7 8 |  8.3
Spellcasting   | 3 4 5 6 7 |  7.1
Air Magic      | 1 2 3 4 5 |  5.1
Poison Magic   | 4 5 6 7 8 |  8.2
Fighting       | 3 5 |  5.6
Dodging        | 3 4 |  4.7
Earth Magic    | 3 4 |  4.0
Stealth        | |  2.1

Action                   |  1- 3 |  4- 6 |  7- 9 | 10-12 || total
-------------------------+-------+-------+-------+-------++-------
Melee: Spear             |    55 |    24 |   109 |       ||   188
       Whip              |       |       |    18 |    53 ||    71
 Cast: Sting             |    20 |    32 |   139 |    25 ||   216
       Poisonous Vapours |    16 |    42 |   104 |    83 ||   245
       Mephitic Cloud    |       |       |     4 |     1 ||     5
       Olgreb's Toxic Ra |       |       |    19 |    15 ||    34
       Dazzling Spray    |       |       |       |    42 ||    42
       Sandblast         |       |       |       |    62 ||    62
       Stone Arrow       |       |       |       |     2 ||     2
Evoke: Wand              |       |       |    17 |       ||    17
  Use: Scroll            |       |     5 |     6 |     5 ||    16
       Potion            |       |       |     1 |     3 ||     4
 Stab: Sleeping          |     1 |       |       |       ||     1
  Eat: Chunk             |     4 |     7 |    13 |    14 ||    38
       Ration            |       |       |     1 |     2 ||     3
Armor: Robe              |    15 |     7 |    76 |    66 ||   164
Dodge: Dodged            |    34 |    13 |   127 |    94 ||   268

Table legend:
 A = Spawn XP
 B = Non-spawn XP
 C = Spawn XP percentage of total XP
 D = Spawn monster count
 E = Non-spawn monster count
 F = Spawn count percentage of total count
 G = Total turns spent on level
                    A         B        C        D         E        F      G
               +---------+---------+-------+---------+---------+-------+---------
         Total |       0 |   10011 |   0.0 |       0 |     232 |   0.0 | 11246
               +---------+---------+-------+---------+---------+-------+---------
           D:1 |       0 |       8 |   0.0 |       0 |       5 |   0.0 |  1067
           D:2 |       0 |     301 |   0.0 |       0 |      24 |   0.0 |  1154
           D:3 |       0 |     273 |   0.0 |       0 |      26 |   0.0 |  1613
           D:4 |       0 |     390 |   0.0 |       0 |      18 |   0.0 |  1143
           D:5 |       0 |     731 |   0.0 |       0 |      27 |   0.0 |  1047
           D:6 |       0 |     529 |   0.0 |       0 |      22 |   0.0 |   884
           D:7 |       0 |    1964 |   0.0 |       0 |      36 |   0.0 |  1061
           D:8 |       0 |    2153 |   0.0 |       0 |      26 |   0.0 |  1331
           D:9 |       0 |    2639 |   0.0 |       0 |      21 |   0.0 |  1215
          D:10 |       0 |    1023 |   0.0 |       0 |      27 |   0.0 |   577
               +---------+---------+-------+---------+---------+-------+---------

Vault maps used:
D:1:      denvon_arrival_waterhouse
D:2:      uniq_sigmund
D:3:      lemuel_crystal_altar, dancing_weapons_uskayaw
D:4:      gammafunk_cloud_chamber, okawaru_altar_gauntlet_db
D:5:      lemuel_coloured_pillars_altar, minmay_temple_entry_glass,
          first_ration, nicolae_ru_path_of_blood, uniq_menkaure,
          uniq_blork_the_orc
D:6:      amethyst_killhole
D:7:      uniq_pikel
D:8:      marbit_many_paths
D:9:      nicolae_gozag_cash_rules_everything_around_me, the_bakery,
          minmay_unpleasant_kobolds, uniq_erica
D:10:     serial_shops, nicolae_shop_behind_doors, uniq_snorg
Temple:   eino_temple_scatter_basement

Table legend:
 A = Turns spent in this place as a percentage of turns spent in the entire game.
 B = Non-inter-level travel turns spent in this place as a percentage of non-inter-level travel turns spent in the entire game.
 C = Inter-level travel turns spent in this place as a percentage of turns spent in this place.
 D = Turns resting spent in this place as a percentage of non-inter-level travel turns spent in this place.
 E = Turns spent auto-exploring this place as a percentage of non-inter-level travel turns spent in this place.
 F = Non-inter-level travel turns spent in this place divided by the number of levels of this place that you've seen.
                   A       B       C       D       E      F
               +-------+-------+-------+-------+-------+----------------------
         Total | 100.0 | 100.0 |   7.1 |   0.3 |  82.2 | 949.5
       Dungeon |  98.6 |  98.8 |   7.0 |   0.3 |  82.1 | 1032.0
        Temple |   1.4 |   1.2 |  19.5 |   0.0 |  96.8 | 124.0
               +-------+-------+-------+-------+-------+----------------------

Table legend:
 A = Kills in this place as a percentage of kills in entire the game.
 B = Kills by you in this place as a percentage of kills by you in the entire game.
 C = Kills by friends in this place as a percentage of kills by friends in the entire game.
 D = Other kills in this place as a percentage of other kills in the entire game.
 E = Experience gained in this place as a percentage of experience gained in the entire game.
 F = Experience gained in this place divided by the number of levels of this place that you have seen.
                   A       B       C       D       E      F
               +-------+-------+-------+-------+-------+----------------------
         Total | 100.0 | 100.0 |   N/A | 100.0 | 100.0 | 910.1
       Dungeon | 100.0 | 100.0 |   N/A | 100.0 | 100.0 | 1001.1
               +-------+-------+-------+-------+-------+----------------------
